 Dungeon Crawl Stone Soup version 0.28.0-47-ge53b351184 (webtiles) character file.

Game seed: 4639782089925392863

59 pkoi the Conjurer (level 3, 0/26 HPs)
             Began as a Demigod Conjurer on May 8, 2022.
             Slain by Grinder (2 damage)
             ... while paralysed by Grinder
             ... on level 3 of the Dungeon.
             The game lasted 00:02:24 (2350 turns).

pkoi the Conjurer (Demigod Conjurer)                Turns: 2350, Time: 00:02:25

Health: 0/26       AC:  3    Str:  8    XL:     3   Next: 54%
Magic:  1/8        EV:  2    Int: 24    God:
Gold:   145        SH:  0    Dex: 12    Spells: 2/5 levels left

rFire   . . .      SeeInvis .   (no weapon)
rCold   . . .      Faith    .   (no shield)
rNeg    . . .      Spirit   .   a - +0 robe
rPois   .          Reflect  .   (no helmet)
rElec   .          Harm     .   (no cloak)
rCorr   .          Rampage  .   (no gloves)
Will    .....                   c - +0 pair of boots
Stlth   ++........              (no amulet)
HPRegen 0.08/turn               (no ring)
MPRegen 0.11/turn               (no ring)

@: paralysed
A: high MP 1, forlorn, divine attributes
a: no special abilities


You were on level 3 of the Dungeon.
You visited 1 branch of the dungeon, and saw 3 of its levels.

You collected 145 gold pieces.

Inventory:

Hand Weapons
 m - a +0 short sword
 o - a +0 halberd
Missiles
 h - 5 poisoned darts
Armour
 a - a +0 robe (worn)
 c - a +0 pair of boots (worn)
Scrolls
 b - a scroll of noise {unknown}
 e - a scroll of amnesia {unknown}
 j - a scroll of vulnerability {unknown}
 l - a scroll of identify {unknown}
 n - a scroll of teleportation {unknown}
Potions
 d - 5 potions of mutation {unknown}
 f - a potion of cancellation {unknown}
 g - 3 potions of attraction {unknown}
 i - a potion of haste {unknown}
 k - a potion of curing {unknown}
 p - 2 potions of lignification {unknown}


   Skills:
 - Level 1.7 Dodging
 - Level 1.7 Stealth
 - Level 1.7 Spellcasting
 + Level 5.0 Conjurations


You had 2 spell levels left.
You knew the following spells:

 Your Spells              Type           Power      Damage    Failure   Level
a - Magic Dart            Conj           100%       1d8       1%          1
b - Searing Ray           Conj           52%        2d6       2%          2

Your spell library contained the following spells:

 Spells                   Type           Power      Damage    Failure   Level
 Dazzling Flash           Conj/Hex       28%        N/A       13%         3
 Fulminant Prism          Conj/Hex       7%         3d7       41%         4
 Iskenderun's Mystic Bla  Conj/Tloc      14%        2d5       41%         4


Dungeon Overview and Level Annotations

Branches:
Dungeon (3/15)

Annotations:
D:2 1 runed translucent door, Crazy Yiuf
D:3 Grinder


Innate Abilities, Weirdness & Mutations

You have an increased reservoir of magic. (+10% MP)
You shall have no god before yourself.
Your divine heritage dramatically boosts your attributes as you level up.


Message History

Aiming: Searing Ray (safe; 2% risk of failure)
Press: ? - help, Shift-Dir - straight line, f - Grinder
Aim: Grinder (77% to hit)
The searing ray hits Grinder.
Grinder is lightly wounded. (Press . to maintain the ray.) Unknown command.
The searing ray hits Grinder.
Grinder is moderately wounded.
The searing ray hits Grinder.
Grinder is moderately wounded.
The searing ray misses Grinder.
You finish channelling your searing ray.
Grinder barely misses you.
Casting: Searing Ray (safe; 2% risk of failure)
Confirm with . or Enter, or press ? or * to list all spells.
Aiming: Searing Ray (safe; 2% risk of failure)
Press: ? - help, Shift-Dir - straight line, f/p - Grinder
Aim: Grinder (moderately wounded, 77% to hit)
The searing ray hits Grinder.
Grinder is heavily wounded. (Press . to maintain the ray.) Grinder gestures at you.
Pain shoots through your body!
Ouch! That really hurt!
* * * LOW HITPOINT WARNING * * *
The searing ray hits Grinder!
Grinder is severely wounded.
Grinder says, "What is the universe for?"
Grinder gestures at you.
You suddenly lose the ability to move!
An endoplasm comes into view.
Grinder hits you.
* * * LOW HITPOINT WARNING * * *
Grinder hits you.
* * * LOW HITPOINT WARNING * * *
Grinder hits you.
* * * LOW HITPOINT WARNING * * *
You writhe in agony.
You die...

.....#.#.##.....#
#...###..########
####.#.###
####..####
.........#
##.##.##.#####
##.##........#
#######J#
##.###.#..##.#
#.5.....#
#......(.##.###@#
#####.##........#
#.#####.#####
#.#####.# #
#.......# .
######### .


You could see Grinder and an endoplasm (wandering).

Vanquished Creatures
  2 adders (D:2)
  A worm (D:2)
  An orc (D:3)
  2 bats (D:1)
  2 endoplasms
  3 giant cockroaches (D:2)
  5 goblins
  7 hobgoblins
  2 kobolds (D:2)
  A quokka (D:3)
  2 ball pythons
  4 frilled lizards
  2 rats (D:1)
34 creatures vanquished.

Notes
Turn   | Place    | Note
-------+----------+-------------------------------------------
     0 | D:1      | pkoi the Demigod Conjurer began the quest for the Orb.
     0 | D:1      | Reached XP level 1. HP: 14/14 MP: 5/5
   515 | D:1      | Reached skill level 4 in Conjurations
   615 | D:1      | Reached XP level 2. HP: 20/20 MP: 4/7
   978 | D:2      | Learned a level 2 spell: Searing Ray
  1431 | D:2      | Reached XP level 3. HP: 26/26 MP: 3/8
  1858 | D:2      | Found a runed translucent door.
  1859 | D:2      | Noticed Crazy Yiuf
  2233 | D:3      | Reached skill level 5 in Conjurations
  2340 | D:3      | Noticed Grinder
  2347 | D:3      | Paralysed by Grinder for 7 turns
  2350 | D:3      | Slain by Grinder

Illustrated notes

Levels and vault maps discovered:
D:1:      lemuel_arrival_hallway, layout_loops_ring,
          shapermc_ecumenical_altar_pompeii, kennysheep_boxes
D:2:      layout_basic, basic_altar, uniq_crazy_yiuf_cottage
D:3:      layout_loops_cross, fedhas_altar_2,
          gammafunk_temple_overflow_elements, serial_glass, glass_columns_c,
          glass_columns_a, uniq_grinder

Skill      XL: |  1  2  3 |
---------------+----------+-----
Conjurations   | 4 5 |  5.0
Dodging        | |  1.7
Stealth        | |  1.7
Spellcasting   | |  1.7

Action                   || total
-------------------------++-------
 Cast: Magic Dart        ||    72
       Searing Ray       ||     2
Dodge: Dodged            ||     8
